 Dungeon Crawl Stone Soup version 0.27.1-33-g824d729ab1 (webtiles) character file.

Game seed: 14726479385410349313

53 barney the Changer (level 3, -1/28 HPs)
             Began as a Draconian Transmuter on Dec 19, 2021.
             Slain by a gnoll (2 damage)
             ... on level 1 of the Dungeon.
             The game lasted 00:02:09 (2836 turns).

barney the Changer (Draconian Transmuter)           Turns: 2836, Time: 00:02:10

Health: -1/28      AC:  5    Str: 12    XL:     3   Next: 64%
Magic:  2/6        EV: 12    Int: 14    God:
Gold:   39         SH:  0    Dex: 11    Spells: 0/6 levels left

rFire    . . .     SeeInvis .   c - +0 mace
rCold    . . .     Faith    .   (no shield)
rNeg     . . .     Spirit   .   (armour unavailable)
rPois    .         Reflect  .   (helmet restricted)
rElec    .         Harm     .   (no cloak)
rCorr    .         Rampage  .   (no gloves)
Will     .....                  (no boots)
Stlth    +.........             (no amulet)
HPRegen  0.09/turn              (no ring)
MPRegen  0.10/turn              (no ring)

@: no status effects
A: AC +5, unfitting armour, cold-blooded
a: no special abilities


You were on level 1 of the Dungeon.
You visited 1 branch of the dungeon, and saw 2 of its levels.

You collected 39 gold pieces.

Inventory:

Hand Weapons
 c - a +0 mace (weapon)
 d - a +0 dagger
Scrolls
 a - a scroll of identify {unknown}
 e - a scroll of magic mapping {unknown}
 g - a scroll of summoning {unknown}
 k - a scroll of teleportation {unknown}
Potions
 b - a potion of flight {unknown}
 f - a potion of cancellation
 h - a potion of curing {unknown}
 i - a potion of brilliance {unknown}
 j - a potion of heal wounds {unknown}


   Skills:
 - Level 1.1 Fighting
 - Level 1.7 Dodging
 - Level 3.0 Unarmed Combat
 - Level 2.0 Spellcasting
 + Level 4.1 Transmutations


You couldn't memorise any spells.
You knew the following spells:

 Your Spells              Type           Power      Damage    Failure   Level
a - Beastly Appendage     Tmut           24%        N/A       4%          1
b - Spider Form           Tmut/Pois      3%         N/A       30%         3
c - Wereblood             Tmut           12%        N/A       7%          2

Your spell library contained the following spells:

 Spells                   Type           Power      Damage    Failure   Level
 Ice Form                 Ice/Tmut       7%         N/A       71%         4
 Agony                    Necr           1%         N/A       100%        5
 Simulacrum               Ice/Necr       0%         N/A       100%        6
 Ignition                 Fire           0%         3d3       100%        8


Dungeon Overview and Level Annotations

Branches:
Dungeon (2/15)

Altars:


Innate Abilities, Weirdness & Mutations

Your plain brown scales are hard. (AC +5)
You cannot fit into any form of body armour.
You are cold-blooded and may be slowed by cold attacks.


Message History

You are poisoned.
You feel sick.
Unknown command.
You feel sick.
You feel sick.
You feel sick.
You feel sick.
You are no longer poisoned.
The gnoll shouts! x2
The gnoll throws an atropa-tipped dart.
The atropa-tipped dart hits you.
You are confused.
There is a stone staircase leading up here.
Your magical contamination has completely faded away.
In your confused state, you trip and fall back down the stairs.
You feel less confused. The gnoll hits you with a +0 whip.
There are monsters nearby!
Unknown command.
The gnoll hits you with a +0 club.
* * * LOW HITPOINT WARNING * * *
The gnoll hits you but does no damage.
You climb upwards.
There is a stone staircase leading down here.
Casting: Spider Form (extremely dangerous; 30% risk of failure)
Confirm with . or Enter, or press ? or * to list all spells.
The spell is extremely dangerous to cast (30% risk of failure)!
Continue anyway?
You miscast Spider Form.
You are very lightly contaminated with residual magic.
Nothing appears to happen.
The gnoll hits you with a +0 club.
* * * LOW HITPOINT WARNING * * *
The gnoll misses you.
Unknown command.
The gnoll hits you with a +0 club.
* * * LOW HITPOINT WARNING * * *
The gnoll throws an atropa-tipped dart.
The atropa-tipped dart closely misses you.
It was a potion of cancellation.
You feel magically purged.
Your magical contamination has completely faded away.
The gnoll hits you with a +0 club.
You die...

#### ##.###.######.# ...#
#..##.# #.# ...## ##.##.#
#.# ....# #..#.######.#
#...# #...........# #...#
#....######## +...###
#.#..#
#.....#####....###########
#.............gg@........#
##............##########.#
####.####.......># #.#
..........######.# #.#
####.#####.......# #.# #
#.##..'.......# #.# #
#.##.##......## #.# #
##.##.##......# #.# #
#.....##......# #.#


You could see 2 gnolls.

Vanquished Creatures
  2 adders (D:2)
  A dart slug (D:1)
  4 bats
  6 endoplasms
  A giant cockroach (D:1)
  A goblin (D:1)
  5 hobgoblins
  A kobold (D:1)
  A quokka (D:1)
  A ball python (D:1)
  3 frilled lizards (D:1)
  3 rats (D:1)
29 creatures vanquished.

Notes
Turn   | Place    | Note
-------+----------+-------------------------------------------
     0 | D:1      | barney the Draconian Transmuter began the quest for the
                  | Orb.
     0 | D:1      | Reached XP level 1. HP: 16/16 MP: 3/3
   740 | D:1      | Reached XP level 2. HP: 23/23 MP: 3/5
   866 | D:1      | Reached skill level 3 in Transmutations
  1535 | D:1      | Got the Reference Book on the Sinister Blaze
  1748 | D:1      | Reached XP level 3. HP: 28/28 MP: 4/6
  1752 | D:1      | Learned a level 3 spell: Spider Form
  1755 | D:1      | Learned a level 2 spell: Wereblood
  2442 | D:2      | Reached skill level 4 in Transmutations
  2834 | D:1      | HP: 1/28 [gnoll (4)]
  2836 | D:1      | Slain by a gnoll

Illustrated notes

Levels and vault maps discovered:
D:1:      shiori_arrival_oz, layout_basic
D:2:      layout_loops_cross, basic_altar

Skill      XL: |  1  2  3 |
---------------+----------+-----
Transmutations | 3 4 |  4.1
Fighting       | |  1.1
Dodging        | |  1.7
Unarmed Combat | |  3.0
Spellcasting   | |  2.0

Action                   || total
-------------------------++-------
Melee: Unarmed           ||    39
       Tailslap          ||     7
       Kick              ||     5
       Headbutt          ||     3
       Mace              ||    58
 Cast: Beastly Appendage ||    18
       Spider Form       ||     5
  Use: Potion            ||     1
Armor: Skin              ||    37
Dodge: Dodged            ||    75
